Map: Disco Bloodbath LE

Players

Mez - Winner!

  • Race: Terran Terran
  • League: Master
  • Spawn Location: 9:00

IlIlIlIlIlIl

  • Race: Zerg Zerg
  • League: Master
  • Spawn Location: 3:00

VOD

Have the link to the VOD?

Description

Time

  • Played on: Aug. 22, 2019, 7:05 a.m.
  • Length: 6:57
Show
View Real Time Build Order
Export as new Build Order

Mez Terran - Winner!

Build Orders: Reaper Expand 

Get SALT Encoding   

  12  0:00  SCV  
  13  0:12  SCV  
  14  0:17  Supply Depot  
  14  0:24  SCV  
  15  0:38  SCV  
  15  0:40  Barracks  
  16  0:44  Refinery  
  16  0:50  SCV  
  17  1:03  SCV  
  18  1:15  SCV  
  19  1:28  Orbital Command, Reaper  
  20  1:40  Command Center  
  20  1:51  Supply Depot  
  20  1:54  SCV  
  20  2:00  Marine  
  22  2:06  SCV  
  23  2:24  Barracks Reactor  
  23  2:26  Factory  
  23  2:28  SCV, Refinery  
  24  2:41  SCV  
  25  2:55  SCV, Orbital Command  
  26  3:07  SCV  
  26  3:12  Starport  
  27  3:17  Hellion x2, Barracks Tech Lab  
  27  3:19  SCV, Supply Depot  
  32  3:23  SCV  
  33  3:31  SCV  
  34  3:35  SCV  
  35  3:41  Hellion  
  35  3:42  Hellion  
  35  3:44  SCV  
  35  3:47  SCV  
  41  3:49  Viking  
  41  3:50  Stimpack  
  41  3:51  Marine  
  41  3:53  Supply Depot  
  44  3:56  SCV  
  44  3:59  SCV  
  45  4:15  Factory Reactor  
  45  4:18  SCV x2  
  45  4:20  Barracks  
  45  4:22  Barracks  
  47  4:30  Supply Depot  
  47  4:38  Command Center  
  47  4:40  Marine  
  47  4:41  Starport Reactor, SCV x2  
  50  4:51  Engineering Bay  
  50  4:54  Engineering Bay  
  50  4:58  Marine  
  50  4:59  Supply Depot  
  52  5:00  SCV x2  
  52  5:06  Refinery  
  53  5:07  Refinery  
  53  5:12  SCV x2  
  53  5:13  Marine  
  56  5:16  Marine x2, Factory Tech Lab  
  56  5:18  Medivac  
  56  5:19  Medivac  
  56  5:20  Marine  
  63  5:23  Supply Depot  
  63  5:30  Marine  
  63  5:33  Marine  
  63  5:43  Marine x3, SCV x2  
  63  5:48  Marine  
  65  5:52  Siege Tank  
  65  5:53  Orbital Command  
  65  5:55  SCV x2  
  69  6:01  Marine x2  
  70  6:07  SCV x2, Supply Depot  
  70  6:09  Orbital Command  
  72  6:23  Marine x2  
  72  6:24  Marine x3, Supply Depot  
  72  6:25  Barracks  
  77  6:26  Barracks  
  84  6:37  SCV x2  
  86  6:45  SCV  
Show
View Real Time Build Order
Export as new Build Order

IlIlIlIlIlIl Zerg 

Build Orders: Hatch First 

Get SALT Encoding   

  12  0:01  Drone  
  13  0:14  Overlord  
  13  0:18  Drone  
  14  0:33  Drone x2  
  16  0:36  Drone  
  17  0:53  Hatchery  
  17  0:56  Drone  
  17  1:08  Drone  
  17  1:10  Extractor  
  17  1:15  Spawning Pool  
  17  1:18  Drone  
  17  1:22  Drone  
  18  1:31  Drone  
  19  1:43  Overlord  
  19  1:52  Drone  
  20  2:04  Queen  
  20  2:05  Zergling x4  
  20  2:06  Queen  
  26  2:20  Metabolic Boost  
  26  2:26  Hatchery  
  25  2:41  Drone x3  
  27  2:49  Drone x2  
  27  2:50  Drone  
  30  3:00  Overlord  
  30  3:05  Queen, Drone x3  
  35  3:14  Overlord  
  35  3:21  Pneumatized Carapace  
  35  3:34  Drone x3  
  35  3:35  Drone  
  39  3:54  Drone x3  
  42  3:56  Overlord  
  42  3:57  Overlord  
  42  3:58  Queen, Drone x3  
  42  4:01  Overlord  
  47  4:04  Queen  
  47  4:09  Drone x4  
  53  4:18  Queen  
  53  4:19  Baneling Nest  
  54  4:25  Zergling x2  
  54  4:26  Zergling x14  
  61  4:40  Overlord  
  61  4:44  Queen  
  63  4:47  Drone x7  
  70  5:01  Queen  
  73  5:14  Drone x5  
  73  5:16  Zergling x10  
  73  5:19  Overlord x2  
  82  5:23  Extractor  
  68  5:50  Drone x5  
  68  5:51  Drone x4  
  76  6:03  Drone x3  
  79  6:08  Hatchery  
  79  6:09  Drone  
  79  6:10  Evolution Chamber  
  79  6:11  Evolution Chamber  
  77  6:22  Zergling x2  
  77  6:23  Zergling x10  
  83  6:34  Drone  
  83  6:35  Extractor x2  
  83  6:38  Drone  
  83  6:41  Drone x2  
  83  6:42  Drone x2  
  83  6:44  Extractor, Hatchery  
Tags
 
Add a new tag
Caveats
  • Supply blocks, unpowered buildings, or Contaminate may cause inaccurate times.
  • Supply counts are checked every 10 seconds.